 Dungeon Crawl Stone Soup version 0.18.1-50-g88ac8fd (webtiles) character file.

208944 Gargoyl the Corrupter of Planes (level 18, -1/176 HPs)
             Began as a Demonspawn Abyssal Knight on Oct 19, 2016.
             Was the Champion of Lugonu.
             Slain by a six-headed hydra simulacrum (26 damage)
             ... on level 4 of the Swamp.
             The game lasted 01:49:45 (42699 turns).

Gargoyl the Corrupter of Planes (DsAK)             Turns: 42699, Time: 01:49:45

Health: -1/176     AC: 41    Str: 29    XL:     18   Next: 51%
Magic:  36/36      EV: 12    Int: 12    God:    Lugonu [******]
Gold:   3303       SH:  4    Dex: 15    Spells: 0 memorised, 17 levels left

rFire  + + .     SeeInvis +     H - +8 battleaxe of the Morning {venom, Str+3}
rCold  . . .     Gourm    .     R - +3 plate armour "Kykhuhid" {Dex+3}
rNeg   + + .     Faith    .     (shield currently unavailable)
rPois  .         Spirit   .     (helmet unavailable)
rElec  +         Dismiss  .     C - +2 cloak
rCorr  .         Reflect  +     E - +1 pair of gloves "Dalaliju" {Dex+2}
SustAt .         Harm     .     i - +2 pair of boots
MR     +....     Clarity  +     U - +4 amulet of reflection
Stlth  ..........               k - ring "Buucoab" {+Fly rF+ rN+ MP+9 Str+4}
                                p - ring of positive energy

@: somewhat resistant to hostile enchantments, extremely unstealthy
A: antennae 3, rough black scales 3, blurry vision 1, clarity, demonic guardian
2, dopey 1, fire resistance 1, ignite blood, low mp 1, robust 2, electricity
resistance, strong 1, flame cloud immunity
a: Depart the Abyss, Bend Space, Banish, Corrupt, Enter the Abyss, Brand Weapon
With Distortion, Renounce Religion, Evoke Flight


You were on level 4 of the Swamp.
You worshipped Lugonu.
Lugonu was exalted by your worship.
You were very hungry.

You visited 5 branches of the dungeon, and saw 32 of its levels.
You visited the Abyss 3 times.
You also visited: Bailey and Ice Cave.

You collected 4206 gold pieces.
You spent 903 gold pieces at shops.

Inventory:

Hand Weapons
 v - a +6 war axe of venom
 H - the +8 battleaxe of the Morning (weapon) {venom, Str+3}
   (You took it off a deep elf death mage on level 3 of the Elven Halls)

   It poisons the flesh of those it strikes.
   It affects your strength (+3).
 W - a +1 broad axe of freezing
Missiles
 o - 4 steel javelins (quivered)
Armour
 i - a +2 pair of boots (worn)
 C - a +2 cloak (worn)
 E - the +1 pair of gloves "Dalaliju" (worn) {Dex+2}
   (You acquired it in a bailey)

   It affects your dexterity (+2).
 R - the +3 plate armour "Kykhuhid" (worn) {Dex+3}
   (You found it in an ice cave)

   It affects your dexterity (+3).
Jewellery
 a - an uncursed amulet of magic regeneration
 g - an uncursed ring of resist corrosion
 k - the ring "Buucoab" (right hand) {+Fly rF+ rN+ MP+9 Str+4}
   (You bought it in a shop on level 2 of the Orcish Mines)

   [ring of positive energy]

   It affects your strength (+4).
   It protects you from fire.
   It protects you from negative energy.
   It affects your magic capacity (+9).
   It lets you fly.
 p - a ring of positive energy (left hand)
 t - an uncursed ring of protection from cold
 w - an uncursed amulet of regeneration
 L - an uncursed ring of sustain attributes
 U - a +4 amulet of reflection (around neck)
Wands
 e - a wand of digging (16/24)
 f - a wand of polymorph (16/24)
 D - a wand of lightning (6/15)
 Y - a wand of hasting (4/9)
Scrolls
 b - 8 scrolls of recharging
 h - 2 scrolls of magic mapping
 j - 3 scrolls of fog
 l - 4 scrolls of enchant armour
 r - 19 scrolls of remove curse
 s - 6 scrolls of teleportation
 x - a scroll of identify
 F - 4 scrolls of summoning
 I - 2 scrolls of blinking
 K - a scroll of enchant weapon
 T - 4 scrolls of fear
Potions
 d - 3 potions of haste
 m - 2 potions of curing
 n - 9 potions of brilliance
 y - a potion of might
 A - 9 potions of agility
 M - a potion of flight
 O - a potion of cancellation
 P - 2 potions of resistance
 S - 3 potions of berserk rage
 V - a potion of magic
Books
 J - a book of Necromancy

   Spells                             Type                      Level
   a - Pain                           Necromancy                   1
   b - Animate Skeleton               Necromancy                   1
   c - Vampiric Draining              Necromancy                   3
   d - Regeneration                   Charms/Necromancy            3
   e - Animate Dead                   Necromancy                   4
   f - Control Undead                 Necromancy                   4
Miscellaneous
 G - a box of beasts
 X - a legendary deck of summoning {drawn: 2}
Comestibles
 c - 15 bread rations
 q - 19 meat rations
 u - 18 fruits
 z - 12 beef jerkies
 B - 5 slices of pizza


   Skills:
 + Level 14.7 Fighting
 + Level 15.6 Axes
   Level 2.0(10.7) Maces & Flails
 + Level 1.1 Throwing
 * Level 17.1 Armour
 + Level 5.9 Dodging
   Level 6.0 Shields
 * Level 17.9 Invocations
 + Level 0.4 Evocations


You had 17 spell levels left.
You didn't know any spells.

Dungeon Overview and Level Annotations

Branches:
Dungeon (15/15)            Temple (0/1) D:6            Lair (8/8) D:9
  Swamp (4/4) Lair:4       Spider (0/4) Lair:6        Slime (0/6) Lair:6
    Orc (2/2) D:9             Elf (3/3) Orc:2        Vaults (0/5) D:14
 Depths (0/5) D:15

Altars:
Dithmenos
Gozag
Nemelex Xobeh
Okawaru
Qazlal
Ru
Trog
Vehumet
Xom
The Shining One
Jiyva

Shops:
Orc:2 *=[(   Elf:1 ?*   Elf:3 [

Annotations:
Elf:2 1 runed door


Innate Abilities, Weirdness & Mutations

You have a pair of large antennae on your head (SInv).
You are completely covered in rough black scales (AC +10, Dex -3).
A demonic guardian rushes to your aid.
Your flesh is heat resistant.
Your demonic aura causes spilled blood to erupt in flames.
You are immune to clouds of flame.
Scrolls take you a little longer to read.
You possess an exceptional clarity of mind.
You are dopey. (Int -2)
Your magical capacity is low (-10% MP).
You are very robust (+20% HP).
You are resistant to electric shocks.
Your muscles are strong. (Str +2)


Message History

You lop one of the four-headed hydra simulacrum's heads off!
You cut the three-headed hydra simulacrum into ribbons!!!
The three-headed hydra simulacrum vapourises!
Lugonu accepts your kill.
You slice one of the seven-headed hydra simulacrum's heads off!
You slash the six-headed hydra simulacrum!
You block the six-headed hydra simulacrum's attack.
The six-headed hydra simulacrum bites you but does no damage.
The six-headed hydra simulacrum barely misses you. x2
The six-headed hydra simulacrum bites you.
The six-headed hydra simulacrum freezes you!!!
* * * LOW HITPOINT WARNING * * *
The six-headed hydra simulacrum bites you but does no damage.
Drink which item? (? for menu, Esc to quit)
You feel better.
The six-headed hydra simulacrum bites you but does no damage. x2
The six-headed hydra simulacrum bites you.
* * * LOW HITPOINT WARNING * * *
The six-headed hydra simulacrum freezes you!!
You die...

♣♣≈..≈...≈.
♣....♣≈..≈.
♣♣≈♣♣♣♣..≈≈ ♣♣♣
♣≈≈.≈. ♣♣♣♣ ♣♣≈≈..
♣≈≈♣♣ ♣♣♣.≈
#####♣♣≈≈♣♣♣♣♣≈..
##.#≈##≈≈.....♣♣..
#@..#§#§.≈≈.....♣♣
#Z#..§§..≈≈≈♣♣♣♣..
#♣.#.#♣≈≈.≈≈≈♣ ♣♣♣
#..#.#.≈.≈≈♣♣
#..###≈.≈≈♣♣ #..#
♣♣..♣♣ #..## ≈≈..
##..#♣♣≈≈.. ##..##
≈≈≈♣.


You could see a six-headed hydra simulacrum.

Vanquished Creatures
  Rupert (D:15)
  A deep elf master archer (Elf:3)
  2 deep elf blademasters
  A tentacled starspawn (Abyss:3)
  Gastronok (D:10)
  2 thorn hunters
  Donald (Swamp:2)
  3 orc warlords
  Maud (D:12)
  Louise (Elf:2)
  3 deep elf elementalists
  7 deep elf annihilators
  5 deep elf demonologists
  The ghost of Therein the Cruncher, a journeyman KoGl of Trog (D:13)
  4 deep elf death magi
  8 vault guards (D:14)
  A deep elf high priest (Elf:3)
  3 ice dragons (Swamp:4)
  A rakshasa (D:15)
  A catoblepas (D:14)
  5 ghost crabs
  Erica (D:10)
  2 hydras
  7 alligators
  12 death yaks
  21 dancing weapons
  6 orc high priests
  14 deep elf knights
  An unseen horror (D:9)
  The ghost of Gargoyl the Distorting Demonspawn, a novice DsAK of Lugonu (D:8)
  3 swamp dragons
  12 deep elf archers
  6 hill giants
  A necromancer (Elf:1)
  4 shambling mangroves
  3 orc knights
  42 deep elf magi
  5 hornets
  6 orc sorcerers
  2 manticores
  16 ugly things
  3 cyclopes
  Maurice (Orc:1)
  15 elephants
  7 black mambas
  2 centaur zombies
  2 ice statues (IceCv)
  Psyche (D:12)
  18 spiny frogs
  3 gargoyles
  An orange demon (Abyss:3)
  2 kobold demonologists (D:12)
  3 rime drakes
  15 komodo dragons
  3 freezing wraiths (Swamp:4)
  3 spriggan druids
  3 yaktaurs (D:15)
  6 polar bears (Lair:8)
  2 polar bears (shapeshifter) (D:15)
  A troll (shapeshifter) (D:15)
  Grinder (D:5)
  The ghost of Gargoyl the Distorting Demonspawn, an amateur DsAK of Lugonu (D:3)
  9 giant leeches
  7 trolls
  7 bog bodies
  13 slime creatures
  2 two-headed ogres
  A hornet zombie (D:14)
  15 blink frogs
  Eustachio (D:6)
  13 redbacks
  3 water elementals
  4 wraiths
  12 spriggans
  2 air elementals
  3 basilisks
  3 shadows
  2 starcursed masses (Abyss:3)
  4 wyverns
  A hungry ghost (D:11)
  5 fire elementals
  51 yaks
  3 swamp worm simulacra (Swamp:4)
  18 vampire mosquitoes
  A steam dragon (D:11)
  7 hippogriffs
  Menkaure (D:4)
  A mottled dragon (D:15)
  2 large abominations (Elf:1)
  12 insubstantial wisps
  3 soldier ants
  A soldier ant (shapeshifter) (Elf:3)
  17 swamp worms
  14 water moccasins
  2 wargs (Orc:2)
  10 hydra simulacra (Swamp:4)
  A water moccasin (shapeshifter) (D:15)
  35 orc warriors
  5 swamp drakes
  11 ice beasts
  12 porcupines
  An eye of draining (D:14)
  A sky beast (D:13)
  6 black bears
  4 boggarts (D:15)
  11 ogres
  A phantom (D:8)
  12 wasps
  13 centaurs
  31 wolves
  15 crocodiles
  7 big kobolds
  28 giant frogs
  4 earth elementals
  5 scorpions
  A wyvern skeleton (D:6)
  10 killer bees
  5 wights (D:13)
  3 electric eels
  5 howler monkeys
  2 crimson imps
  A lava snake (D:15)
  A quasit (D:10)
  Crazy Yiuf (D:6)
  A wasp zombie (D:8)
  7 hounds
  6 jellies
  16 orc priests
  2 giant frog skeletons
  6 centaur skeletons
  6 iguanas
  18 orc wizards
  8 worker ants
  6 hell rats (Lair:5)
  11 sheep
  2 worker ant zombies
  55 river rats
  12 adders
  5 shadow imps
  12 white imps (D:13)
  4 swamp drake simulacra (Swamp:4)
  2 adder skeletons
  8 worms
  A dart slug (D:2)
  4 giant geckos
  92 orcs
  5 giant cockroaches
  9 goblins
  12 hobgoblins
  4 quokkas
  11 bats
  6 giant newts
  40 kobolds
  9 rats
  14 fungi
  9 plants
  A starspawn tentacle (Abyss:3)
1197 creatures vanquished.

Vanquished Creatures (collateral kills)
  A deep elf blademaster (Elf:3)
  A deep elf master archer (Elf:3)
  A thorn hunter (Swamp:4)
  A deep elf sorcerer (Elf:3)
  A deep elf elementalist (Elf:3)
  3 deep elf annihilators (Elf:3)
  4 deep elf death magi (Elf:3)
  A dancing weapon (Elf:2)
  A death yak (Lair:8)
  An orc high priest (Orc:2)
  A deep elf knight (Elf:3)
  2 deep elf archers (Elf:3)
  A shambling mangrove (Swamp:4)
  A lindwurm (Lair:8)
  6 deep elf magi
  An elephant (Lair:7)
  An octopode (shapeshifter) (D:15)
  A black mamba (Lair:7)
  3 spiny frogs
  3 komodo dragons
  A polar bear (Lair:8)
  2 blink frogs
  2 spriggans
  3 yaks
  A hippogriff (Lair:7)
  A basilisk (Lair:2)
  A swamp drake (Swamp:4)
  A water moccasin (Lair:1)
  A black bear (D:7)
  A sky beast (D:5)
  A wasp (Lair:8)
  An ice beast (IceCv)
  2 ogres
  5 orc warriors
  A wolf (Lair:8)
  A hound (D:9)
  2 orc priests
  An orc wizard (D:4)
  A worker ant (D:4)
  A sheep (D:11)
  A river rat (Lair:8)
  An adder (D:4)
  7 orcs
  A ball python (D:7)
75 creatures vanquished.

Vanquished Creatures (others)
  A deep elf elementalist (Elf:3)
  A deep elf high priest (Elf:3)
  8 hydras
  A dancing weapon (Elf:2)
  An alligator (Swamp:4)
  A spriggan druid (Swamp:4)
  2 spiny frogs (Swamp:4)
  A komodo dragon (Swamp:4)
  A giant leech (Swamp:4)
  A vampire mosquito (Lair:4)
  A swamp worm (Swamp:4)
  A wasp (Swamp:2)
  An orc priest (Orc:1)
  A hound (D:14)
  2 briar patches (Swamp:4)
  A bush (Lair:8)
  16 fungi
  17 plants
  7 starspawn tentacles
  104 starspawn tentacle segments
169 creatures vanquished.

Grand Total: 1441 creatures vanquished

Notes
Turn   | Place    | Note
--------------------------------------------------------------
     0 | Abyss:1  | Gargoyl the Demonspawn Abyssal Knight began the quest for the Orb.
     0 | Abyss:1  | Reached XP level 1. HP: 18/18 MP: 2/2
    61 | Abyss:2  | Noticed a quasit
    77 | Abyss:2  | Noticed a tentacled starspawn
    92 | Abyss:2  | Noticed a thrashing horror
    94 | D:1      | Escaped the Abyss
   487 | D:1      | Reached * piety under Lugonu
   571 | D:1      | Reached skill level 1 in Dodging
   571 | D:1      | Gained mutation: Your flesh is heat resistant. [demonic ancestry]
   571 | D:1      | Reached XP level 2. HP: 24/24 MP: 3/3
  1655 | D:2      | Gained mutation: You are partially covered in rough black scales (AC +4, Dex -1). [demonic ancestry]
  1655 | D:2      | Reached XP level 3. HP: 21/29 MP: 5/5
  2428 | D:3      | Reached ** piety under Lugonu
  2698 | D:3      | Gained mutation: You are immune to clouds of flame. [demonic ancestry]
  2698 | D:3      | Reached XP level 4. HP: 36/36 MP: 6/6
  2847 | D:3      | Noticed Gargoyl's ghost (amateur DsAK)
  2892 | D:3      | Gained mutation: You are dopey. (Int -2) [potion of mutation]
  2892 | D:3      | Gained mutation: You are robust (+10% HP). [potion of mutation]
  2892 | D:3      | Gained mutation: Scrolls take you a little longer to read. [potion of mutation]
  2932 | D:3      | Killed Gargoyl's ghost
  2932 | D:3      | Reached XP level 5. HP: 20/46 MP: 7/7
  2932 | D:3      | Gained mutation: A weak demonic guardian rushes to your aid. [demonic ancestry]
  2932 | D:3      | Reached XP level 6. HP: 23/52 MP: 8/8
  4787 | D:4      | Noticed Menkaure
  4797 | D:4      | Killed Menkaure
  4797 | D:4      | Gained mutation: You are mostly covered in rough black scales (AC +7, Dex -2). [demonic ancestry]
  4797 | D:4      | Reached XP level 7. HP: 15/60 MP: 10/10
  5370 | D:5      | Entered Level 5 of the Dungeon
  5495 | D:5      | Noticed Grinder
  5508 | D:5      | Paralysed by Grinder for 4 turns
  5513 | D:5      | Killed Grinder
  5513 | D:5      | Reached skill level 5 in Armour
  5985 | D:5      | Gained mutation: You are resistant to electric shocks. [potion of mutation]
  5985 | D:5      | Gained mutation: You tend to lose your temper in combat. [potion of mutation]
  5985 | D:5      | Gained mutation: Your magical capacity is low (-10% MP). [potion of mutation]
  6266 | D:6      | Noticed Eustachio
  6445 | D:6      | Reached *** piety under Lugonu
  6518 | D:6      | Reached skill level 5 in Invocations
  6518 | D:6      | Gained mutation: You have a pair of small antennae on your head. [demonic ancestry]
  6518 | D:6      | Reached XP level 8. HP: 23/67 MP: 10/10
  6720 | D:6      | Found a shadowy altar of Dithmenos.
  6806 | D:6      | Killed Eustachio
  6833 | D:6      | Found a staircase to the Ecumenical Temple.
  6873 | D:6      | Noticed Crazy Yiuf
  6882 | D:6      | Killed Crazy Yiuf
  6898 | D:6      | Got a twisted mace
  6899 | D:6      | Identified the +4 mace of Collusion {crush, rF- rN++ Int+6} (You found it on level 6 of the Dungeon)
  7083 | D:6      | Reached skill level 5 in Fighting
  7439 | D:7      | Found a sparkling altar of Nemelex Xobeh.
  7440 | D:7      | Found an iron altar of Okawaru.
  7493 | D:7      | Found a stormy altar of Qazlal.
  7522 | D:7      | Found a glowing golden altar of the Shining One.
  7522 | D:7      | Found an opulent altar of Gozag.
  7523 | D:7      | Found a bloodstained altar of Trog.
  7523 | D:7      | Found a shimmering altar of Xom.
  7594 | D:7      | Reached XP level 9. HP: 72/74 MP: 12/12
  7846 | D:7      | Reached skill level 1 in Maces & Flails
  8076 | D:7      | Found a sacrificial altar of Ru.
  8377 | D:8      | Noticed Gargoyl's ghost (novice DsAK)
  8471 | D:8      | Killed Gargoyl's ghost
  8724 | D:8      | Reached skill level 5 in Axes
  9207 | D:9      | Killed an unseen horror
  9207 | D:9      | Reached XP level 10. HP: 63/84 MP: 14/14
  9323 | D:9      | Found a staircase to the Orcish Mines.
  9735 | D:9      | Found a staircase to the Lair.
  9766 | D:9      | Reached **** piety under Lugonu
 10581 | Lair:1   | Entered Level 1 of the Lair of Beasts
 10751 | Lair:1   | Reached skill level 10 in Armour
 10751 | Lair:1   | Reached XP level 11. HP: 81/92 MP: 16/16
 11572 | Lair:2   | Reached ***** piety under Lugonu
 11702 | Lair:2   | Reached skill level 10 in Invocations
 12964 | Lair:3   | Gained mutation: You have a pair of antennae on your head. [demonic ancestry]
 12964 | Lair:3   | Reached XP level 12. HP: 52/103 MP: 17/17
 13638 | Lair:4   | Found a staircase to the Swamp.
 14429 | Lair:5   | Reached ****** piety under Lugonu
 14836 | Lair:5   | Noticed a death yak
 14851 | Lair:5   | Killed a death yak
 14852 | Lair:5   | Noticed a death yak
 14855 | Lair:5   | Noticed a death yak
 14862 | Lair:5   | Killed a death yak
 14901 | Lair:5   | Killed a death yak
 15621 | Lair:6   | Found a hole to the Spider Nest.
 15971 | Lair:6   | Found a viscous altar of Jiyva.
 15971 | Lair:6   | Found a staircase to the Slime Pits.
 16092 | Lair:6   | Noticed a four-headed hydra
 16103 | Lair:6   | Banished a four-headed hydra
 16113 | Lair:6   | Reached XP level 13. HP: 56/113 MP: 12/19
 16225 | Lair:6   | Gained mutation: You possess an exceptional clarity of mind. [potion of beneficial mutation]
 16255 | Lair:6   | Reached skill level 10 in Fighting
 16344 | Lair:6   | Reached skill level 10 in Axes
 17442 | Lair:7   | Got a transparent brass amulet
 17775 | Lair:7   | Identified the amulet of Doubt {Faith rC+} (You found it on level 7 of the Lair of Beasts)
 18308 | Lair:8   | Entered Level 8 of the Lair of Beasts
 18871 | Lair:8   | HP: 4/114 [young spriggan druid/angry trees (9)]
 19299 | Lair:8   | Gained mutation: You have a pair of large antennae on your head (SInv). [demonic ancestry]
 19299 | Lair:8   | Reached XP level 14. HP: 103/122 MP: 21/21
 19537 | Lair:8   | Got a smoking long sword
 19553 | Lair:8   | Identified the +7 long sword "Courghei" {venom, Str+4} (You found it on level 8 of the Lair of Beasts)
 20855 | D:10     | Entered Level 10 of the Dungeon
 20878 | D:10     | Noticed Erica
 20888 | D:10     | Killed Erica
 21052 | D:10     | Found a sparkling altar of Nemelex Xobeh.
 21180 | D:10     | Noticed Gastronok
 21197 | D:10     | Killed Gastronok
 21393 | Orc:1    | Entered Level 1 of the Orcish Mines
 21412 | Orc:1    | Noticed Maurice
 21435 | Orc:1    | Killed Maurice
 21545 | Orc:1    | Found a flagged portal.
 21692 | Bailey   | Entered a bailey
 21697 | Bailey   | Noticed an orc warlord
 21757 | Bailey   | Found a runed gate.
 21757 | Bailey   | Found a runed gate.
 21759 | Bailey   | Found a runed gate.
 21876 | Bailey   | Killed an orc warlord
 21915 | Bailey   | Identified 2 scrolls of acquirement
 21917 | Bailey   | Got a pair of ancient gloves
 21917 | Bailey   | Got a pair of bloodstained gloves
 21928 | Bailey   | Identified the +1 pair of gloves "Dalaliju" {Dex+2} (You acquired it in a bailey)
 21938 | Bailey   | Identified the -2 pair of gloves "Vanif" {Dex+3} (You acquired it in a bailey)
 22143 | Orc:1    | HP: 4/124 [smoke demon[an orc high priest] (3)]
 22496 | Orc:2    | Entered Level 2 of the Orcish Mines
 22497 | Orc:2    | Found Eguarho's Antique Armour Boutique.
 22497 | Orc:2    | Noticed an orc warlord
 22687 | Orc:1    | Killed an orc warlord
 22837 | Orc:2    | Reached skill level 5 in Dodging
 22883 | Orc:2    | Found a staircase to the Elven Halls.
 22959 | Orc:2    | Found Dacluut's Antique Weapon Shoppe.
 23185 | Orc:2    | Reached skill level 1 in Shields
 23197 | Orc:2    | Found Rumik's Jewellery Boutique.
 23270 | Orc:2    | Bought the ring "Buucoab" {+Fly rF+ rN+ MP+9 Str+4} for 756 gold pieces
 23296 | Orc:2    | Noticed an orc warlord
 23713 | Orc:2    | Killed an orc warlord
 23979 | Orc:2    | Found Xigyt's General Store.
 24237 | D:11     | Reached XP level 15. HP: 120/132 MP: 23/23
 24598 | D:11     | Found a sparkling altar of Nemelex Xobeh.
 24990 | D:12     | Noticed Psyche
 25003 | D:12     | Killed Psyche
 25148 | D:12     | Noticed Maud
 25165 | D:12     | Killed Maud
 25588 | D:13     | Noticed Therein's ghost (journeyman KoGl)
 25600 | D:13     | Gained mutation: You are clumsy. (Dex -2) [mutagenic meat]
 25601 | D:13     | Lost mutation: You tend to lose your temper in combat. [mutagenic meat]
 25602 | D:13     | Lost mutation: You are clumsy. (Dex -2) [mutagenic meat]
 25604 | D:13     | Gained mutation: You are very robust (+20% HP). [mutagenic meat]
 25670 | D:13     | Killed Therein's ghost
 25972 | D:13     | Found a frozen archway.
 25992 | IceCv    | Entered an ice cave
 26108 | IceCv    | Got a steaming plate armour
 26275 | IceCv    | Identified the +3 plate armour "Kykhuhid" {Dex+3} (You found it in an ice cave)
 27229 | D:14     | Found a gate to the Vaults.
 27281 | D:14     | Reached skill level 15 in Armour
 27309 | D:14     | Reached skill level 15 in Invocations
 27655 | D:15     | Entered Level 15 of the Dungeon
 27924 | D:15     | Noticed Rupert
 28419 | D:15     | Killed Rupert
 28419 | D:15     | Gained mutation: You are completely covered in rough black scales (AC +10, Dex -3). [demonic ancestry]
 28419 | D:15     | Reached XP level 16. HP: 89/154 MP: 24/24
 29054 | D:15     | Found a staircase to the Depths.
 29197 | Elf:1    | Entered Level 1 of the Elven Halls
 29657 | Elf:1    | Identified the Guide on Unholy Rituals
 29957 | Elf:1    | Noticed a Tzitzimitl
 29961 | Elf:1    | Noticed a Hell Sentinel
 30549 | Elf:1    | Cast into level 2 of the Abyss (a deep elf demonologist)
 30549 | Abyss:2  | Found a corrupted altar of Lugonu.
 30678 | Abyss:3  | Noticed a tentacled starspawn
 30701 | Abyss:3  | Killed a tentacled starspawn
 30756 | Elf:1    | Escaped the Abyss
 30757 | Elf:1    | Found Nokot's Assorted Antiques.
 31196 | Elf:1    | Found Wuugrey's Magic Scroll Shoppe.
 31204 | Elf:1    | Bought a scroll of teleportation for 42 gold pieces
 31204 | Elf:1    | Bought a scroll of enchant weapon for 105 gold pieces
 31454 | Elf:2    | Found a radiant altar of Vehumet.
 31623 | Elf:2    | Noticed Louise
 31643 | Elf:2    | Killed Louise
 31721 | Elf:2    | Reached skill level 5 in Shields
 31933 | Elf:2    | Found a runed door.
 31968 | Elf:2    | Found a runed door.
 32527 | Elf:2    | Noticed a deep elf blademaster
 32547 | Elf:2    | Killed a deep elf blademaster
 32942 | Elf:2    | Gained mutation: A demonic guardian rushes to your aid. [demonic ancestry]
 32942 | Elf:2    | Reached XP level 17. HP: 151/164 MP: 26/26
 33648 | Elf:3    | Entered Level 3 of the Elven Halls
 33744 | Elf:3    | Found Ommaege's Antique Armour Boutique.
 34154 | Elf:3    | Noticed a deep elf blademaster
 34172 | Elf:3    | Killed a deep elf blademaster
 34175 | Elf:3    | Noticed a deep elf blademaster
 34234 | Elf:3    | Killed a deep elf blademaster
 35060 | Elf:3    | Noticed a deep elf master archer
 35064 | Elf:3    | Noticed a deep elf master archer
 35217 | Elf:3    | Killed a deep elf master archer
 35552 | Elf:3    | Killed a deep elf master archer
 35565 | Elf:3    | Got a scorched granite ring
 35703 | Elf:3    | Cast into level 4 of the Abyss (a deep elf sorcerer)
 35742 | Elf:3    | Escaped the Abyss
 35806 | Elf:3    | Got a polished battleaxe {venom}
 35807 | Elf:3    | Identified the +8 battleaxe of the Morning {venom, Str+3} (You took it off a deep elf death mage on level 3 of the Elven Halls)
 35866 | Elf:3    | Identified the cursed ring of Vudom {Str-3 Int+2 Dex+4 Slay+2 Stlth+} (You took it off a deep elf archer on level 3 of the Elven Halls)
 35950 | Elf:3    | Noticed a Tzitzimitl
 36314 | Elf:3    | Got a transparent bone ring
 36320 | Elf:3    | Identified the ring of Fenuiky {+Fly rElec Slay+3} (You found it on level 3 of the Elven Halls)
 36914 | Swamp:1  | Entered Level 1 of the Swamp
 37396 | Swamp:1  | Reached skill level 15 in Axes
 37824 | Swamp:1  | Gained mutation: Your demonic aura causes spilled blood to erupt in flames. [demonic ancestry]
 37824 | Swamp:1  | Reached XP level 18. HP: 153/175 MP: 27/27
 38490 | Swamp:2  | Noticed Donald
 38497 | Swamp:2  | Killed Donald
 40782 | Swamp:4  | Entered Level 4 of the Swamp
 41367 | Swamp:4  | Reached skill level 1 in Throwing
 41862 | Swamp:4  | Gained mutation: Your muscles are strong. (Str +2) [potion of beneficial mutation]
 42699 | Swamp:4  | Slain by a six-headed hydra simulacrum

Skill      XL: |  1  2  3  4  5  6  7  8  9 10 11 12 13 14 15 16 17 18 |
---------------+-------------------------------------------------------+-----
Dodging        | 1 2 3 4 5 |  5.9
Armour         | 2 3 4 5 7 8 10 11 12 13 14 15 16 17 | 17.1
Axes           | 2 3 4 5 6 8 9 10 12 13 14 15 | 15.6
Fighting       | 4 5 6 7 8 9 10 11 12 13 14 | 14.7
Invocations    | 3 4 5 6 7 9 10 11 13 14 15 16 17 | 17.9
Maces & Flails | 2 |  2.0
Shields        | 1 3 5 6 |  6.0
Throwing       | 1 |  1.1
Evocations     | |  0.4

Action                   |  1- 3 |  4- 6 |  7- 9 | 10-12 | 13-15 | 16-18 || total
-------------------------+-------+-------+-------+-------+-------+-------++-------
Melee: Hand axe          |   173 |   279 |   186 |       |       |       ||   638
       Mace              |       |       |    75 |       |       |       ||    75
       War axe           |       |       |   172 |   775 |  1940 |  1052 ||  3939
       Broad axe         |       |       |       |    18 |       |       ||    18
       Battleaxe         |       |       |       |       |       |   489 ||   489
Throw: Javelin           |       |       |     3 |       |     5 |     8 ||    16
Invok: Depart the Abyss  |     1 |       |       |       |       |     2 ||     3
       Bend Space        |       |       |     1 |       |     2 |       ||     3
       Banish            |       |       |       |     2 |     6 |    17 ||    25
Evoke: Wand              |       |     3 |       |       |     1 |       ||     4
       Deck              |       |       |       |       |       |     2 ||     2
  Use: Scroll            |     2 |     3 |    17 |    16 |    20 |    17 ||    75
       Potion            |       |    13 |     5 |       |    14 |     9 ||    41
 Stab: Distracted        |       |       |       |     3 |    21 |    10 ||    34
  Eat: Chunk             |     6 |     8 |    12 |    26 |    31 |    15 ||    98
       Pizza             |       |     1 |       |       |       |       ||     1
       Bread ration      |       |       |     1 |     1 |     4 |     7 ||    13
       Fruit             |       |       |     1 |       |       |       ||     1
       Meat ration       |       |       |       |     1 |       |       ||     1
       Royal jelly       |       |       |       |       |       |     3 ||     3
Armor: Plate armour      |   188 |   221 |   377 |   780 |  1739 |  1170 ||  4475
       Skin              |       |    31 |    66 |       |       |       ||    97
Dodge: Dodged            |    33 |    50 |   182 |   468 |   964 |   567 ||  2264
Block: Buckler           |       |       |       |       |   340 |   346 ||   686
       Other             |       |       |       |       |       |    80 ||    80
